 Dungeon Crawl Stone Soup version 0.19-a0-1207-g69d5fc3 (webtiles) character file.

4 Sixotanaka the Caller (level 1, 0/13 HPs)
             Began as a Vampire Summoner on Aug 21, 2016.
             Slain by a goblin
             ... wielding a cursed -1 dagger
              (5 damage)
             ... on level 1 of the Dungeon.
             The game lasted 00:01:36 (250 turns).

Sixotanaka the Caller (Vampire Summoner)             Turns: 250, Time: 00:01:37

Health: 0/13       AC:  2    Str:  7    XL:     1   Next: 58%
Magic:  1/3        EV: 12    Int: 17    God:
Gold:   31         SH:  0    Dex: 14    Spells: 1 memorised, 3 levels left

rFire  . . .     SeeInvis +     d - +0 dagger
rCold  . . .     Gourm    .     a - +0 robe
rNeg   + . .     Faith    .     (no shield)
rPois  .         Spirit   .     (no helmet)
rElec  .         Dismiss  .     (no cloak)
rCorr  .         Reflect  .     (no gloves)
MR     .....     Harm     .     (no boots)
Stlth  ++........               (no amulet)
                                (no ring)
                                (no ring)

@: no status effects
A: fangs 3, see invisible, unbreathing
a: no special abilities


You were on level 1 of the Dungeon.
You were not thirsty.

You visited 1 branch of the dungeon, and saw 1 of its levels.

You collected 31 gold pieces.


Innate Abilities, Weirdness & Mutations

You have razor-sharp teeth.
You have supernaturally acute eyesight. (SInv)
You can survive without breathing.


   Skills:
 - Level 2.1 Dodging
 - Level 3.0 Stealth
 - Level 2.0 Spellcasting
 + Level 4.2 Summonings


You had 3 spell levels left.
You knew the following spells:

 Your Spells              Type           Power        Failure   Level  Hunger
a - Summon Small Mammal   Summ           ###.         3%          1    #......


Dungeon Overview and Level Annotations

Branches:
Dungeon (1/15)

Altars:

Inventory:

Hand Weapons
 d - a +0 dagger (weapon)
   (You took it off a goblin on level 1 of the Dungeon)
Armour
 a - a +0 robe (worn)
Potions
 c - a potion of blood {@q0}
 e - a potion of curing {unknown}
Books
 b - a book of Callings

#...#...#b...#...#
#....#.#.#..#....#
#.....#...##.....#
#....#.#...#.....# #
#...#...#...#....#.#
#..#...#.#...#.r.#.#
...#...#.<.#...#....#
##....#.....#.#.#g#.#
#...#.#.....#..@##.#
#......#...#.#...# #
#.....#.#.##....b#
#....#...#..#....#
...#...#....#..)# .#
........#..#
........#.#
......$..##
##.#######


You could see a goblin and a bat.


Message History

The goblin closely misses your rat.
Your rat bites the goblin but does no damage.
Your quokka bites the goblin but does no damage.
Your bat barely misses the goblin.
The goblin misses your bat.
Your rat bites the goblin but does no damage.
Your bat hits the goblin.
Your quokka bites the goblin but does no damage.
Your rat misses the goblin.
Your bat barely misses the goblin.
Your quokka barely misses the goblin.
Your rat bites the goblin but does no damage.
Your bat barely misses the goblin.
Your bat closely misses the goblin.
Your bat barely misses the goblin.
Something hits your rat.
Your rat dies!
Your rat's corpse disappears in a puff of smoke!
Your quokka disappears in a puff of smoke!
Your bat hits the goblin but does no damage.
Your bat hits the goblin but does no damage.
Your bat hits the goblin but does no damage.
Your bat disappears in a puff of smoke!
Your quokka bites the goblin but does no damage.
You swap places.
Your bat hits the goblin but does no damage.
The goblin hits your bat with a dagger.
Your bat dies!
Your bat's corpse disappears in a puff of smoke!
Your quokka bites the goblin but does no damage.
The goblin misses you.
Your quokka bites the goblin but does no damage.
Your quokka bites the goblin but does no damage.
The goblin completely misses you.
Your quokka bites the goblin but does no damage.
The goblin hits your quokka with a dagger.
Your quokka bites the goblin but does no damage.
The goblin hits your quokka but does no damage.
Your quokka misses the goblin.
The goblin hits your quokka but does no damage.
Your quokka barely misses the goblin.
The bat barely misses you.
The goblin hits your quokka with a dagger.
Your quokka bites the goblin but does no damage.
Your quokka bites the goblin.
The bat barely misses you.
Your quokka closely misses the goblin.
You hit the bat but do no damage. The bat closely misses you.
Your quokka bites the goblin but does no damage.
The bat hits you but does no damage.
You closely miss the bat. Your bite misses the bat. The bat closely misses you.
The goblin hits you with a dagger.
You die...

Vault maps used:
D:1:      matt_arrival_diagonals

Vanquished Creatures
  A goblin (D:1)
  A kobold (D:1)
2 creatures vanquished.

Vanquished Creatures (collateral kills)
  2 hobgoblins (D:1)
  A kobold (D:1)
  A rat (D:1)
4 creatures vanquished.

Grand Total: 6 creatures vanquished

Table legend:
 A = Turns spent in this place as a percentage of turns spent in the entire game.
 B = Non-inter-level travel turns spent in this place as a percentage of non-inter-level travel turns spent in the entire game.
 C = Inter-level travel turns spent in this place as a percentage of turns spent in this place.
 D = Turns resting spent in this place as a percentage of non-inter-level travel turns spent in this place.
 E = Turns spent auto-exploring this place as a percentage of non-inter-level travel turns spent in this place.
 F = Non-inter-level travel turns spent in this place divided by the number of levels of this place that you've seen.
                   A       B       C       D       E      F
               +-------+-------+-------+-------+-------+----------------------
         Total | 100.0 | 100.0 |   0.0 |   8.2 |   3.2 | 158.0
       Dungeon | 100.0 | 100.0 |   0.0 |   8.2 |   3.2 | 158.0
               +-------+-------+-------+-------+-------+----------------------

Table legend:
 A = Kills in this place as a percentage of kills in entire the game.
 B = Kills by you in this place as a percentage of kills by you in the entire game.
 C = Kills by friends in this place as a percentage of kills by friends in the entire game.
 D = Other kills in this place as a percentage of other kills in the entire game.
 E = Experience gained in this place as a percentage of experience gained in the entire game.
 F = Experience gained in this place divided by the number of levels of this place that you have seen.
                   A       B       C       D       E      F
               +-------+-------+-------+-------+-------+----------------------
         Total | 100.0 | 100.0 | 100.0 |  -nan | 100.0 |   7.0
       Dungeon | 100.0 | 100.0 | 100.0 |  -nan | 100.0 |   7.0
               +-------+-------+-------+-------+-------+----------------------

Notes
Turn   | Place    | Note
-------+----------+-------------------------------------------
     0 | D:1      | Sixotanaka the Vampire Summoner began the quest for the Orb.
     0 | D:1      | Reached XP level 1. HP: 13/13 MP: 3/3
   168 | D:1      | HP: 1/13 [kobold (4)]
   250 | D:1      | Slain by a goblin

Action                   || total
-------------------------++-------
Melee: Dagger            ||    16
       Unarmed           ||     7
       Bite              ||     2
 Cast: Summon Small Mamm ||    13
Armor: Robe              ||     6
Dodge: Dodged            ||    15
